 Dungeon Crawl Stone Soup version 0.31-a0-960-g0fca184906 (webtiles) character file.

Game seed: 14480125904561640547

9616 Arzdou the Zephyrmancer (level 11, -8/71 HPs)
             Began as an Octopode Shapeshifter on Oct 22, 2023.
             Was an Initiate of Gozag.
             Mangled by a troll (9 damage)
             ... on level 9 of the Dungeon.
             The game lasted 00:36:41 (14967 turns).

Arzdou the Zephyrmancer (Octopode Shapeshifter)    Turns: 14967, Time: 00:36:42

Health: -8/71      AC:  8    Str: 19    XL:     11   Next: 49%
Magic:  12/23      EV: 10    Int: 22    God:    Gozag
Gold:   983        SH:  0    Dex: 12    Spells: 14/26 levels left

rFire   . . .        a - melded staff of air
rCold   . . .        (shield currently unavailable)
rNeg    . . .        g - melded +1 hat {Will+}
rPois   .            (no amulet)
rElec   .            k - +6 ring of intelligence
rCorr   .            (no ring)
SInv    .            (no ring)
Will    .....        (no ring)
Stlth   +            (no ring)
HPRegen 0.31/turn    (no ring)
MPRegen 0.18/turn    (no ring)
                     (no ring)

%: no passive effects
@: about to teleport, snake-form
A: constrict, almost no armour, amphibious, 8 rings, large, (camouflage 1),
(gelatinous body 1), (nimble swimmer 1), (tentacles)
a: Begin Untransformation, Renounce Religion, Potion Petition, Call Merchant,
Bribe Branch


You were on level 9 of the Dungeon.
You worshipped Gozag.
Gozag was pleased with you.
You were an enormous anaconda.
You visited 2 branches of the dungeon, and saw 10 of its levels.
You also visited: Ossuary.

You collected 1202 gold pieces.
You spent 123 gold pieces at shops.
You paid 96 gold pieces to Gozag.

Inventory:

Armour
 g - a +1 hat of willpower (melded)
Magical Staves
 a - a staff of air (melded)
Jewellery
 k - a +6 ring of intelligence (left tentacle)
Talismans
 b - a beast talisman
 c - a flux talisman
 B - a serpent talisman (active)
Wands
 o - a wand of flame (20)
 p - a wand of iceblast (6)
Scrolls
 e - 3 scrolls of vulnerability
 f - 3 scrolls of revelation
 r - a scroll of noise
 s - 4 scrolls of fog
 t - 2 scrolls of enchant armour
 v - a scroll of butterflies {unknown}
 w - 3 scrolls of enchant weapon
 y - a scroll of silence
Potions
 d - 3 potions of degeneration
 h - a potion of lignification
 i - a potion of curing
 j - a potion of magic
 l - 2 potions of invisibility
 m - 3 potions of enlightenment
 n - 4 potions of resistance
 q - a potion of haste {unknown}
 u - 3 potions of brilliance
 z - a potion of attraction {unknown}
 A - a potion of might


   Skills:
 - Level 3.7 Fighting
 - Level 2.0 Dodging
 - Level 8.0 Unarmed Combat
 - Level 8.1 Spellcasting
 - Level 3.0 Translocations
 - Level 8.9 Air Magic
 + Level 8.7 Shapeshifting


You had 14 spell levels left.
You knew the following spells:

 Your Spells              Type           Power      Damage    Failure   Level
a - Shock                 Conj/Air       100%       1d9       1%          1
b - Airstrike             Air            24%        2d(4-20)  1%          4
c - Swiftness             Air            48%        N/A       1%          3
d - Vhi's Electric Charg  Tloc/Air       70%        N/A       6%          4

Your spell library contained the following spells:

 Spells                   Type           Power      Damage    Failure   Level
 Cigotuvi's Dreadful Rot  Necr/Pois/Air  44%        N/A       3%          2
 Ignite Poison            Fire/Tmut/Pois 8%         N/A       22%         3
 Arcjolt                  Conj/Air       14%        1d24      32%         5
 Freezing Cloud           Conj/Ice/Air   11%        6-21      52%         5
 Maxwell's Capacitive Co  Air            24%        ∞         100%        8


Dungeon Overview and Level Annotations

Branches:
Dungeon (9/15)             Temple (1/1) D:6            Lair (0/5) D:8
Ossuary (visited)
    Orc: D:9-12

Altars:
Ashenzari
Cheibriados
Elyvilon
Fedhas
Gozag
Hepliaklqana
Makhleb
Nemelex Xobeh
Okawaru
Qazlal
Ru
Sif Muna
Trog
Uskayaw
Vehumet
Wu Jian
Xom
Yredelemnul
Zin
The Shining One

Shops:
D:4 ?

Annotations:
D:4 2 transporters, Chipwarrior's ghost, amateur DrAE
D:5 2 transporters


Innate Abilities, Weirdness & Mutations

You are an enormous anaconda.
You have a powerful constriction melee attack.
Your armour is entirely melded.
You are incapable of wielding weapons or throwing items.
You cannot wear most types of armour.
You are amphibious.
You can wear up to eight rings at the same time.
((Your skin changes colour to match your surroundings (Stealth+).))
((Your rubbery body absorbs attacks. (AC +1, EV +1)))
((You are camouflaged when in or above water. (Stealth+)))
((You have tentacles for arms and can constrict up to eight enemies at once.))


Message History

Casting: Airstrike (dangerous; 1% risk of failure)
Confirm with . or Enter, or press ? or * to list all spells.
Aiming: Airstrike (dangerous; 1% risk of failure)
Press: ? - help, Dir - move target, f/p - troll
Aim: a troll (heavily wounded, empty space bonus: 2/8)
The air twists around and strikes the troll.
The troll is severely wounded.
You hit the troll but do no damage. Your grab misses the troll.
The troll is heavily wounded.
The troll bites you! The troll claws you!
The troll claws you but does no damage.
You hit the troll but do no damage. Your grab misses the troll.
The troll is heavily wounded.
The troll bites you. The troll claws you but does no damage.
The troll claws you.
You closely miss the troll. Your grab misses the troll.
The troll is heavily wounded.
The troll barely misses you. The troll claws you. The troll claws you!
You barely miss the troll. Your grab misses the troll.
The troll is heavily wounded.
You hit the troll but do no damage. Your grab misses the troll.
The troll is heavily wounded.
The troll bites you!
* * * LOW HITPOINT WARNING * * *
The troll closely misses you. x2
As you read the scroll of teleportation, it crumbles to dust.
You feel strangely unstable. The troll bites you.
* * * LOW HITPOINT WARNING * * *
The troll claws you.
* * * LOW HITPOINT WARNING * * *
The troll claws you!
* * * LOW HITPOINT WARNING * * *
You feel better. The troll misses you. The troll closely misses you.
The troll claws you!
* * * LOW HITPOINT WARNING * * *
You feel better. The troll completely misses you. The troll claws you!
* * * LOW HITPOINT WARNING * * *
The troll claws you!
You die...
Your body crumbles into a pile of gold.

..........#.###.#####.#
..............#.....#.#
.........##.#.#####.#.#
.........##.#.#.....#.#
.........##.#.###.###.#
###+#######.#...#.....#
#####'####### #.######
#.ST...# ######'# ...#
....# .....# ..T...#
.......# ........#


You could see a troll.

Vanquished Creatures
  Gastronok (D:8)
  Pikel (D:8)
  A rime drake (D:8)
  Grinder (D:3)
  Prince Ribbit (D:7)
  A hornet (D:9)
  A wyvern (D:9)
  8 yaks
  Sigmund (D:6)
  Eustachio (D:5)
  A steam dragon (D:8)
  Grum (D:8)
  4 water moccasins
  2 sky beasts (D:7)
  8 ice beasts
  A black bear (D:8)
  6 wolves (D:8)
  An ogre (D:5)
  3 centaurs
  3 phantoms
  A gnoll sergeant (D:6)
  13 scorpions
  4 bullfrogs
  4 wights (D:8)
  6 killer bees (D:6)
  An electric eel (D:8)
  A vampire bat (D:7)
  4 howler monkeys
  2 centaur zombies (Ossuary)
  3 jellies
  Crazy Yiuf (D:4)
  2 orc priests
  5 hounds (D:5)
  3 human zombies (Ossuary)
  Jessica (D:3)
  Ijyb (D:4)
  An iguana (D:6)
  3 scorpion zombies (Ossuary)
  3 sleepcaps
  2 orc wizards
  2 centaur simulacra (D:8)
  A killer bee simulacrum (D:8)
  3 mummies (Ossuary)
  Robin (D:4)
  9 gnolls
  7 adders
  3 white imps
  2 ufetubi (D:6)
  4 worms
  2 dart slugs
  11 orcs
  15 endoplasms
  3 giant cockroaches
  2 gnoll zombies (Ossuary)
  9 goblins
  12 hobgoblins
  9 jackals
  7 kobolds
  7 quokkas
  11 ball pythons
  12 bats
  3 frilled lizards
  5 goblin zombies (Ossuary)
  2 hobgoblin zombies (Ossuary)
  4 kobold zombies (Ossuary)
  3 orc zombies (Ossuary)
  6 rats
263 creatures vanquished.

Notes
Turn   | Place    | Note
-------+----------+-------------------------------------------
     0 | D:1      | Arzdou the Octopode Shapeshifter began the quest for the
                  | Orb.
     0 | D:1      | Reached XP level 1. HP: 13/13 MP: 1/1
   162 | D:1      | Found a faded altar of an unknown god.
   172 | D:1      | Reached XP level 2. HP: 18/18 MP: 2/2
   488 | D:1      | Reached XP level 3. HP: 23/23 MP: 3/3
   854 | D:2      | Learned a level 1 spell: Shock
  1769 | D:3      | Reached XP level 4. HP: 25/28 MP: 0/4
  2026 | D:3      | Noticed a scorpion
  2033 | D:3      | Killed a scorpion
  2034 | D:3      | Reached skill level 5 in Shapeshifting
  2034 | D:3      | Reached XP level 5. HP: 33/33 MP: 2/5
  2706 | D:3      | Noticed Jessica
  2712 | D:3      | Noticed Grinder
  2715 | D:3      | Killed Jessica
  2718 | D:3      | Paralysed by Grinder for 5 turns
  2728 | D:3      | Paralysed by Grinder for 2 turns
  2739 | D:3      | Killed Grinder
  2740 | D:3      | Reached XP level 6. HP: 28/38 MP: 2/6
  3155 | D:4      | Found Raykerrusev's Magic Scroll Shoppe.
  3168 | D:4      | Bought a scroll of blinking for 97 gold pieces
  3168 | D:4      | Bought a scroll of identify for 26 gold pieces
  3289 | D:4      | Found a transporter.
  3289 | D:4      | Noticed Chipwarrior's ghost (amateur DrAE)
  3325 | D:4      | Found a transporter.
  3346 | D:4      | Reached XP level 7. HP: 28/43 MP: 1/8
  3451 | D:4      | Reached skill level 1 in Air Magic
  3457 | D:4      | Reached skill level 1 in Spellcasting
  3479 | D:4      | Noticed Robin
  3484 | D:4      | Killed Robin
  3563 | D:4      | Noticed Ijyb
  3811 | D:4      | Killed Ijyb
  4091 | D:4      | Found a runed translucent door.
  4092 | D:4      | Noticed Crazy Yiuf
  4161 | D:4      | Killed Crazy Yiuf
  4212 | D:5      | Entered Level 5 of the Dungeon
  4349 | D:5      | Noticed Eustachio
  4368 | D:5      | HP: 2/43 [river rat[Eustachio] (8)]
  4471 | D:5      | Killed Eustachio
  4472 | D:5      | Reached XP level 8. HP: 39/48 MP: 11/11
  4510 | D:5      | Found a transporter.
  4790 | D:5      | Found a transporter.
  4812 | D:5      | Learned a level 4 spell: Airstrike
  4867 | D:5      | Reached skill level 5 in Unarmed Combat
  6081 | D:6      | Noticed Sigmund
  6088 | D:6      | Killed Sigmund
  6162 | D:6      | Found a sand-covered staircase.
  6171 | Ossuary  | Entered an ossuary
  6209 | Ossuary  | Reached XP level 9. HP: 53/53 MP: 10/15
  6421 | Ossuary  | Reached skill level 5 in Air Magic
  6741 | Ossuary  | Reached skill level 5 in Spellcasting
  7570 | D:6      | Found a glowing golden altar of the Shining One.
  7599 | D:6      | Found a staircase to the Ecumenical Temple.
  7645 | Temple   | Entered the Ecumenical Temple
  7656 | Temple   | Became a worshipper of Gozag Ym Sagoz the Greedy
  8999 | D:7      | Reached XP level 10. HP: 58/58 MP: 7/19
  9230 | D:7      | Noticed Prince Ribbit
  9234 | D:7      | Killed Prince Ribbit
 10486 | D:8      | Noticed Pikel
 10585 | D:8      | Killed Pikel
 10590 | D:8      | Learned a level 3 spell: Swiftness
 10595 | D:8      | Learned a level 4 spell: Vhi's Electric Charge
 12167 | D:8      | Reached skill level 1 in Translocations
 12294 | D:8      | Found a staircase to the Lair.
 12326 | D:8      | Noticed Grum
 12403 | D:8      | Reached XP level 11. HP: 66/66 MP: 4/23
 12599 | D:8      | Killed Grum
 13061 | D:8      | Noticed Gastronok
 13468 | D:8      | Found a shimmering blue altar of Sif Muna.
 13468 | D:8      | Found a glowing silver altar of Zin.
 13468 | D:8      | Found a snail-covered altar of Cheibriados.
 13469 | D:8      | Found a stormy altar of Qazlal.
 14048 | D:8      | Found a staircase to the Lair.
 14193 | D:8      | Killed Gastronok
 14775 | D:9      | Paralysed by a hornet for 1 turns
 14781 | D:9      | Paralysed by a hornet for 3 turns
 14966 | D:9      | HP: 3/71 [troll (8)]
 14967 | D:9      | HP: 1/71 [troll (7)]
 14967 | D:9      | Mangled by a troll

Illustrated notes

Levels and vault maps discovered:
D:1:      minmay_arrival_cross, layout_basic,
          shapermc_ecumenical_altar_mp_highgroup
D:2:      layout_loops_ring, minmay_tree_intersection
D:3:      layout_loops_corners, uniq_grinder, uniq_jessica
D:4:      layout_rooms, serial_shops, nicolae_stop_n_shop_1,
          gammafunk_ghost_stat_death, st_stairs_13, kennysheep_generic_room_2,
          uniq_robin, uniq_crazy_yiuf_cottage, uniq_ijyb
D:5:      gammafunk_cloud_chamber, layout_rooms, dreamdust_gnoll_farm,
          uniq_eustachio
D:6:      layout_basic, lemuel_doored_altar,
          minmay_temple_entry_statues_fountains,
          mainiacjoe_ossuary_entry_dusty_tomb, uniq_sigmund
D:7:      layout_basic, roderic_batcave, uniq_prince_ribbit1
D:8:      layout_gridville, chequers_temple_overflow_statue_of_worship,
          hellmonk_lair_entry_icy, serial_ice, serial_ice_g, serial_ice_f,
          serial_ice_m, serial_ice_b, serial_ice_n, serial_ice_e,
          uniq_gastronok, uniq_pikel, uniq_grum
D:9:      layout_roguey, minmay_chambers_of_fives
Temple:   hellmonk_temple_of_storms

Skill      XL: |  1  2  3  4  5  6  7  8  9 10 11 |
---------------+----------------------------------+-----
Shapeshifting  | 4 5 6 7 8 |  8.7
Air Magic      | 2 4 7 8 |  8.9
Spellcasting   | 2 4 6 8 |  8.1
Unarmed Combat | 4 5 7 8 |  8.0
Translocations | 2 3 |  3.0
Fighting       | 2 3 |  3.7
Dodging        | |  2.0

Action                     |  1- 3 |  4- 6 |  7- 9 | 10-12 || total
---------------------------+-------+-------+-------+-------++-------
  Melee: Unarmed           |    73 |    51 |   166 |    56 ||   346
         Constrict         |    17 |     8 |    49 |     8 ||    82
         Tentacles         |     9 |     7 |    42 |    11 ||    69
         Punch             |       |     2 |     2 |       ||     4
         Staff             |       |       |     9 |     3 ||    12
   Cast: Shock             |    26 |    51 |   184 |    28 ||   289
         Airstrike         |       |       |    34 |   103 ||   137
         Vhi's Electric Ch |       |       |       |     4 ||     4
  Evoke: Wand              |       |       |     2 |     1 ||     3
    Use: Potion            |       |     2 |     3 |     8 ||    13
         Scroll            |       |     7 |     6 |     8 ||    21
   Stab: Sleeping          |     7 |       |       |       ||     7
         Invisible         |       |       |       |     1 ||     1
 Armour: Skin              |    23 |    34 |   138 |    94 ||   289
  Dodge: Dodged            |    63 |    21 |   107 |    39 ||   230
   Form: Flux              |       |       |     1 |       ||     1
         Beast             |       |       |     1 |       ||     1
                           |       |       |       |     1 ||     1
         Anaconda          |       |       |       |     1 ||     1

Table legend: (Time is in decaauts)
 A = Elapsed time spent in this place.
 B = Non-inter-level travel time spent in this place.
 C = Inter-level travel time spent in this place.
 D = Time resting spent in this place.
 E = Time spent auto-exploring this place.
 F = Levels seen in this place.
 G = Mean time per level.
                   A        B        C        D        E       F      G
               +--------+--------+--------+--------+--------+-----+--------+
         Total |  14973 |  14153 |    820 |      0 |  12113 |  11 | 1361.2 |
       Dungeon |  14009 |  13209 |    800 |      0 |  11436 |   9 | 1556.6 |
        Temple |     22 |      2 |     20 |      0 |      0 |   1 |   22.0 |
       Ossuary |    940 |    940 |      0 |      0 |    677 |   1 |  940.0 |
               +--------+--------+--------+--------+--------+-----+--------+

Top non-repeatable levels by time:
     D:8: 2768 daAuts
     D:7: 2739 daAuts
     D:6: 1867 daAuts
     D:5: 1540 daAuts
     D:4: 1412 daAuts
     D:3: 1409 daAuts
     D:2: 1017 daAuts
 Ossuary: 940 daAuts
     D:1: 722 daAuts
     D:9: 532 daAuts
  Temple: 22 daAuts
